Map: Equilibrium LE

Players

Subwayeatn - Winner!

  • Race: Zerg Zerg
  • League: Platinum
  • Spawn Location: 11:00

DeltaBravo

  • Race: Terran Terran
  • League: Platinum
  • Spawn Location: 1:00

VOD

Have the link to the VOD?

Description

Time

  • Played on: Nov. 12, 2023, 2:52 p.m.
  • Length: 16:17
Show
View Real Time Build Order
Export as new Build Order

Subwayeatn Zerg - Winner!

Build Orders: Hatch First 

Get SALT Encoding   

  12  0:00  Drone  
  13  0:12  Overlord  
  13  0:19  Drone  
  14  0:30  Drone x2  
  16  0:57  Drone x2  
  18  1:00  Extractor  
  17  1:14  Hatchery, Spawning Pool  
  15  1:26  Drone x3  
  18  1:37  Drone  
  19  1:47  Drone  
  20  2:00  Overlord  
  20  2:06  Metabolic Boost  
  20  2:07  Queen  
  22  2:19  Drone  
  23  2:25  Baneling Nest  
  23  2:26  Drone x2  
  23  2:27  Queen  
  26  2:33  Zergling x2  
  26  2:37  Zergling x2  
  28  2:41  Drone  
  29  2:51  Queen  
  31  3:03  Queen  
  31  3:05  Spine Crawler  
  32  3:17  Hatchery  
  31  3:28  Drone x4  
  31  3:32  Extractor  
  34  3:40  Overlord  
  34  3:42  Overlord  
  34  3:45  Zergling x2  
  35  3:53  Lair  
  35  3:55  Drone  
  36  4:08  Drone x4  
  40  4:10  Drone  
  41  4:21  Overlord  
  41  4:31  Drone  
  42  4:39  Queen  
  44  4:53  Zergling x12  
  44  4:54  Zergling x10  
  44  4:59  Baneling  
  55  5:00  Baneling x3  
  55  5:04  Extractor  
  55  5:05  Unknown  
  55  5:06  Drone  
  54  5:07  Drone x2  
  56  5:18  Baneling x6  
  56  5:25  Zergling x4  
  56  5:26  Zergling x8  
  61  5:30  Overlord  
  61  5:35  Centrifugal Hooks  
  61  5:44  Overlord x2  
  45  5:57  Zergling x2  
  45  5:58  Zergling x14  
  46  6:06  Zergling x2  
  42  6:15  Zergling x12  
  45  6:23  Zergling x6  
  42  6:34  Zergling x6  
  43  6:53  Overlord  
  43  6:56  Zergling x2  
  43  6:58  Drone x4  
  43  6:59  Drone  
  49  7:01  Hatchery  
  44  7:14  Drone x2  
  44  7:15  Drone x6  
  50  7:25  Spire  
  46  7:37  Drone  
  46  7:39  Pneumatized Carapace  
  47  7:50  Drone  
  48  7:55  Queen  
  48  7:57  Overlord x2  
  50  8:01  Hatchery  
  49  8:11  Overseer  
  49  8:14  Queen  
  49  8:16  Drone x8  
  59  8:22  Queen  
  59  8:25  Drone x2  
  63  8:29  Overlord  
  63  8:31  Evolution Chamber, Queen  
  63  8:32  Evolution Chamber  
  63  8:37  Drone x4  
  63  8:38  Drone x3  
  63  8:40  Zerg Flyer Weapons Level 1  
  70  8:50  Drone x6, Queen  
  78  9:02  Zerg Melee Weapons Level 1, Zerg Ground Armor Level 1  
  78  9:11  Mutalisk x7  
  78  9:15  Overseer  
  92  9:21  Drone x6  
  98  9:36  Mutalisk x3  
  98  9:37  Mutalisk x3  
  110  9:38  Mutalisk  
  110  9:41  Overlord x5  
  112  9:47  Baneling x6  
  112  9:59  Zergling x8, Queen  
  122  10:00  Zergling x16  
  126  10:12  Zergling x8  
  130  10:18  Baneling  
  130  10:19  Baneling x3  
  130  10:21  Baneling  
  130  10:24  Extractor  
  130  10:26  Zergling x8, Extractor  
  130  10:27  Zergling x10  
  112  11:19  Hatchery  
  112  11:20  Extractor  
  110  11:29  Extractor  
  110  11:30  Hatchery  
  110  11:32  Extractor  
  92  11:57  Zergling x2  
  92  11:58  Zergling x24  
  105  12:10  Drone x3  
  105  12:11  Hatchery  
  105  12:13  Extractor  
  105  12:14  Zerg Melee Weapons Level 2, Zerg Ground Armor Level 2  
  105  12:15  Extractor  
  105  12:19  Infestation Pit  
  104  12:36  Zergling x2  
  104  12:37  Overlord x2  
  105  12:45  Overlord x2  
  105  12:48  Zergling x4  
  105  12:49  Zergling x26  
  120  12:51  Baneling  
  120  12:52  Baneling x25  
  120  13:05  Mutalisk x3  
  116  13:06  Mutalisk  
  124  13:18  Zerg Flyer Weapons Level 2  
  124  13:25  Infestor x4  
  132  13:28  Zergling x2  
  132  13:29  Zergling x32  
  132  13:30  Zergling x4  
  132  13:32  Baneling x6  
  132  13:33  Overseer, Baneling x6  
  151  13:42  Queen x2  
  151  13:43  Queen x3  
  151  13:44  Overlord x2  
  151  13:45  Overlord x4  
  163  13:53  Hive  
  161  13:57  Drone x7, Extractor  
  161  14:00  Drone x3  
  161  14:01  Drone x6  
  176  14:05  Drone  
  177  14:18  Hatchery  
  177  14:20  Hatchery  
  177  14:21  Mutalisk x7  
  177  14:22  Mutalisk x4  
  175  14:45  Zergling x2  
  163  14:46  Zergling x42  
  184  14:54  Mutalisk x3  
  184  14:59  Zergling x4  
  196  15:00  Zergling x10  
  196  15:04  Baneling x4  
  196  15:05  Baneling x2  
  189  15:27  Baneling  
  189  15:28  Baneling x3  
  188  15:29  Zergling x2  
  188  15:30  Zergling x22  
Show
View Real Time Build Order
Export as new Build Order

DeltaBravo Terran 

Build Orders:  

Get SALT Encoding   

  12  0:00  SCV  
  13  0:12  SCV  
  14  0:18  Supply Depot  
  14  0:24  SCV  
  15  0:40  SCV  
  16  0:48  Supply Depot  
  16  0:56  SCV  
  17  1:01  Supply Depot  
  17  1:08  SCV  
  17  1:09  Refinery  
  18  1:27  Barracks, SCV  
  18  1:30  Refinery, Barracks  
  19  1:39  SCV  
  20  1:51  SCV  
  21  2:03  SCV  
  22  2:14  Factory  
  22  2:15  SCV  
  23  2:16  Barracks Tech Lab  
  23  2:19  Supply Depot  
  23  2:26  Barracks Reactor  
  23  2:31  Orbital Command  
  23  2:41  Marauder  
  25  2:46  Combat Shield  
  25  2:53  Supply Depot  
  25  2:57  Factory Tech Lab  
  25  2:59  SCV  
  25  3:03  Marine x2  
  25  3:05  Marauder  
  30  3:18  Siege Tank  
  33  3:22  Marine x2  
  33  3:26  Marauder  
  37  3:39  Marine x2  
  39  3:48  Marauder  
  41  3:50  Siege Tank  
  44  4:02  Marine x2  
  45  4:09  Marauder  
  48  4:20  Marine x2  
  48  4:21  Supply Depot  
  48  4:22  Siege Tank  
  53  4:30  Marauder  
  55  4:42  Marine x2  
  57  4:57  Command Center  
  57  5:11  Siege Tank  
  57  5:13  Marauder  
  62  5:15  Marine  
  62  5:20  Marine, SCV  
  43  6:45  Marauder, Marine x2  
  43  6:46  Siege Tank  
  40  6:47  SCV  
  40  6:57  Engineering Bay  
  40  6:59  SCV  
  40  7:00  Factory  
  41  7:03  Marine x2  
  41  7:06  Marauder  
  44  7:11  SCV  
  45  7:18  Siege Tank  
  45  7:21  Marine x2  
  50  7:23  SCV  
  50  7:28  Marauder  
  53  7:34  SCV  
  53  7:35  SCV  
  55  7:39  Marine  
  56  7:46  SCV  
  56  7:47  SCV  
  56  7:49  Marauder  
  60  7:55  Marine  
  60  7:57  Factory Tech Lab  
  60  7:58  SCV  
  62  7:59  SCV  
  62  8:02  Armory  
  62  8:03  Siege Tank  
  62  8:04  Marine  
  67  8:10  Marauder, SCV  
  67  8:11  SCV  
  71  8:22  SCV  
  71  8:24  SCV  
  71  8:25  Supply Depot  
  71  8:27  Marine x2  
  73  8:31  Siege Tank  
  73  8:32  Marauder  
  80  8:34  SCV  
  80  8:35  Siege Tank  
  80  8:36  SCV  
  85  8:44  Refinery  
  85  8:46  SCV  
  85  8:47  Marine x2  
  85  8:48  Refinery, Stimpack  
  88  8:51  Starport  
  88  8:52  Supply Depot  
  88  8:53  Marauder  
  90  9:04  Marine  
  90  9:05  Marine  
  92  9:11  Command Center  
  92  9:15  Planetary Fortress  
  92  9:35  Starport Reactor  
  92  9:39  SCV  
  92  9:40  Starport  
  93  9:49  Missile Turret x2  
  93  9:51  SCV x2  
  98  10:03  SCV x2  
  97  10:16  SCV  
  98  10:22  Thor  
  98  10:28  SCV  
  103  10:37  Thor  
  103  10:38  Marine  
  103  10:39  Marine x2  
  103  10:40  SCV  
  103  10:42  Missile Turret  
  113  10:44  Missile Turret  
  113  10:45  Missile Turret  
  113  10:56  Marine  
  113  10:57  Marine  
  78  11:09  SCV  
  67  11:15  Thor  
  73  11:19  Starport Tech Lab  
  73  11:20  Thor  
  73  11:21  SCV  
  73  11:23  Missile Turret  
  69  11:34  Viking x2  
  69  11:37  Marine x2  
  73  11:40  SCV  
  72  11:52  Marine  
  73  11:54  SCV  
  73  11:55  Marine x2  
  73  11:59  Missile Turret  
  76  12:07  SCV  
  77  12:13  Marine  
  78  12:16  SCV  
  78  12:19  SCV  
  80  12:26  Siege Tank  
  80  12:28  SCV, Siege Tank  
  87  12:31  SCV  
  88  12:43  Hi-Sec Auto Tracking, SCV  
  89  12:47  SCV  
  90  12:57  Planetary Fortress  
  90  12:59  SCV  
  89  13:07  Missile Turret  
  89  13:08  Missile Turret  
  89  13:10  Missile Turret  
  89  13:11  SCV  
  90  13:12  Missile Turret  
  90  13:17  Marine  
  90  13:18  Marine  
  92  13:23  SCV  
  93  13:28  Terran Vehicle Weapons Level 1  
  93  13:31  Raven  
  95  13:35  Marine, SCV  
  95  13:40  Missile Turret  
  97  13:46  Refinery  
  97  13:48  Refinery, SCV  
  98  13:49  Neosteel Armor  
  98  13:58  Factory, Armory  
  98  14:00  SCV  
  99  14:04  SCV  
  99  14:05  Raven  
  102  14:12  SCV  
  102  14:13  Thor, Siege Tank  
  102  14:16  Supply Depot, SCV  
  114  14:24  SCV  
  114  14:27  Marine x3  
  110  14:40  Raven  
  96  14:55  SCV  
  96  14:57  Marine x2  
  96  14:58  Marauder  
  96  14:59  Command Center  
  102  15:07  Factory Reactor, SCV  
  102  15:12  Missile Turret  
  102  15:19  SCV  
  102  15:28  Raven  
  102  15:30  SCV  
  102  15:31  SCV  
  104  15:42  SCV  
  105  15:43  SCV  
  93  15:54  SCV  
  93  15:55  SCV  
Tags
 
Add a new tag
Caveats
  • Supply blocks, unpowered buildings, or Contaminate may cause inaccurate times.
  • Supply counts are checked every 10 seconds.